 Dungeon Crawl Stone Soup version 0.30-a0-760-g5a9884bb7c (webtiles) character file.

Game seed: 6266390974730509825

429 Conn the Firebug (level 6, -3/37 HPs)
             Began as an Octopode Fire Elementalist on Feb 11, 2023.
             Was an Initiate of Sif Muna.
             Slain by a yak (11 damage)
             ... on level 5 of the Dungeon.
             The game lasted 00:12:26 (4085 turns).

Conn the Firebug (Octopode Fire Elementalist)       Turns: 4085, Time: 00:12:27

Health: -3/37      AC:  1    Str:  4 (7)  XL:     6   Next: 98%
Magic:  2/11       EV: 18    Int: 18 (20) God:    Sif Muna [......]
Gold:   155        SH:  0    Dex:  9 (12) Spells: 2/12 levels left

rFire   . . .      SeeInvis .    n - +2 dagger (holy)
rCold   . . .      Faith    .    (no shield)
rNeg    . . .      Spirit   .    (helmet restricted)
rPois   +          Reflect  .    (no amulet)
rElec   .          Harm     .    c - +5 ring of evasion
rCorr   .          Rampage  .    m - ring of poison resistance
Will    +....                    (no ring)
Stlth   +++                      (no ring)
HPRegen 0.26/turn                (no ring)
MPRegen 0.12/turn                (no ring)
                                 (no ring)
                                 (no ring)

@: mighty, brilliant, attractive
A: almost no armour, amphibious, 8 rings, camouflage 1, gelatinous body 1,
(nimble swimmer 1), tentacles, strong-willed 1, noise suppression
a: Renounce Religion


You were on level 5 of the Dungeon.
You worshipped Sif Muna.
Sif Muna was noncommittal.
You visited 2 branches of the dungeon, and saw 6 of its levels.

You collected 155 gold pieces.

Inventory:

Hand Weapons
 b - a +0 short sword
 j - a +0 spear of freezing
 n - a +2 dagger of holy wrath (weapon)
Missiles
 i - 5 poisoned darts
Jewellery
 c - a +5 ring of evasion (left tentacle)
 m - a ring of poison resistance (right tentacle)
Scrolls
 f - a scroll of poison {unknown}
 h - 2 scrolls of identify {unknown}
 p - 2 scrolls of vulnerability {unknown}
 s - 2 scrolls of teleportation {unknown}
 t - a scroll of magic mapping {unknown}
 u - a scroll of immolation {unknown}
 w - a scroll of enchant weapon {unknown}
Potions
 a - a potion of magic
 o - a potion of cancellation


   Skills:
 + Level 0.8 Fighting
 + Level 1.1 Short Blades
 + Level 0.8 Polearms
 + Level 2.6 Dodging
 + Level 4.5 Stealth
 + Level 3.5 Spellcasting
 + Level 2.5 Conjurations
 + Level 4.9 Fire Magic


You had 2 spell levels left.
You knew the following spells:

 Your Spells              Type           Power      Damage    Failure   Level
a - Foxfire               Conj/Fire      96%        2x1d8     3%          1
c - Inner Flame           Hex/Fire       18%        N/A       17%         3
d - Flame Wave            Conj/Fire      24%        2d8       32%         4
e - Scorch                Fire           62%        2d8       3%          2

Your spell library contained the following spells:

 Spells                   Type           Power      Damage    Failure   Level
 Cigotuvi's Dreadful Rot  Necr/Pois/Air  8%         N/A       24%         2
 Poisonous Vapours        Pois/Air       8%         N/A       24%         2
 Kindle Blastsparks       Fire/Tloc/Air  26%        2d12      24%         3
 Mephitic Cloud           Conj/Pois/Air  9%         N/A       32%         3


Dungeon Overview and Level Annotations

Branches:
Dungeon (5/15)             Temple (1/1) D:4

Altars:
Cheibriados
Dithmenos
Elyvilon
Hepliaklqana
Kikubaaqudgha
Okawaru
Qazlal
Ru
Sif Muna
Trog
Wu Jian
Xom
The Shining One


Innate Abilities, Weirdness & Mutations

You cannot wear most types of armour.
You are amphibious.
You can wear up to eight rings at the same time.
Your skin changes colour to match your surroundings (Stealth+).
Your rubbery body absorbs attacks. (AC +1, EV +1)
((You are camouflaged when in or above water. (Stealth+)))
You have tentacles for arms and can constrict up to eight enemies at once.
You are strong-willed. (Will+)
You passively dampen the noise of your surroundings.


Message History

Nothing appears to happen.
The yak gores you!
Casting: Inner Flame (quite dangerous; 14% risk of failure)
Confirm with . or Enter, or press ? or * to list all spells.
The spell is quite dangerous to miscast (14% risk of failure)!
Continue anyway?
Aiming: Inner Flame (quite dangerous; 14% risk of failure)
Press: ? - help, Dir - move target, f/p - ogre
Aim: an ogre, wielding a +0 giant club (chance to affect: 66%)
The ogre is filled with an inner flame.
The yak gores you!
* * * LOW HITPOINT WARNING * * *
Casting: Inner Flame (quite dangerous; 14% risk of failure)
Confirm with . or Enter, or press ? or * to list all spells.
Flames lash the yak but do no damage.
The yak barely misses you.
Casting: Scorch (safe; 2% risk of failure)
Confirm with . or Enter, or press ? or * to list all spells.
Flames lash the yak but do no damage.
The yak closely misses you.
You aren't carrying any items that you can evoke.
You feel much better. The yak closely misses you.
It was a potion of brilliance.
You feel clever all of a sudden. The yak closely misses you.
It was a potion of degeneration.
There was something very wrong with that liquid.
You feel weakened.
You feel dopey.
You feel clumsy. The yak gores you!
It was a potion of might.
You feel very mighty all of a sudden. The yak gores you!
* * * LOW HITPOINT WARNING * * *
Your magical contamination has completely faded away.
It was a potion of mutation.
You feel extremely strange.
You feel strong-willed.
You feel your surroundings grow quieter.
The yak misses you.
Unknown command.
Unknown command.
Unknown command.
It was a potion of attraction.
You feel attractive to monsters. The yak gores you!
You die...

#.# #.#### #.# #....#
#.# ....# #.# ... .. #.#
#.# ..# #.# ##.##
######..#
#.#######.#.####.......#
#........###...........#
#########@#.####........
##Y#####........
#OYY.Y.........
############...


You could see 3 yaks and an ogre (inner flame).

Vanquished Creatures
  A centaur (D:5)
  Blork the orc (D:4)
  2 orc priests
  A jelly (D:5)
  An orc wizard (D:4)
  6 adders
  An ufetubus (D:4)
  A worm (D:4)
  3 dart slugs
  13 orcs
  7 ball pythons
  5 bats
  12 endoplasms
  4 giant cockroaches
  3 goblins (D:2)
  8 hobgoblins
  5 jackals
  3 quokkas
  7 frilled lizards
  7 kobolds
  5 rats
  4 butterflies (D:1)
100 creatures vanquished.

Vanquished Creatures (collateral kills)
  3 foxfires
3 creatures vanquished.

Vanquished Creatures (others)
  193 foxfires
193 creatures vanquished.

Grand Total: 296 creatures vanquished

Notes
Turn   | Place    | Note
-------+----------+-------------------------------------------
     0 | D:1      | Conn the Octopode Fire Elementalist began the quest for the
                  | Orb.
     0 | D:1      | Reached XP level 1. HP: 11/11 MP: 3/3
   169 | D:1      | Reached XP level 2. HP: 17/17 MP: 0/5
   683 | D:1      | Reached XP level 3. HP: 21/21 MP: 3/6
   686 | D:1      | Learned a level 2 spell: Scorch
   690 | D:1      | Learned a level 3 spell: Inner Flame
  1307 | D:2      | Found an ornate altar of the Wu Jian Council.
  1439 | D:2      | Reached XP level 4. HP: 24/27 MP: 7/7
  2034 | D:3      | Found a faded altar of an unknown god.
  2396 | D:3      | Reached XP level 5. HP: 32/32 MP: 3/8
  2982 | D:4      | Found a staircase to the Ecumenical Temple.
  3009 | Temple   | Entered the Ecumenical Temple
  3044 | Temple   | Became a worshipper of Sif Muna the Loreminder
  3303 | D:4      | Noticed Blork the orc
  3311 | D:4      | Killed Blork the orc
  3312 | D:4      | Reached skill level 1 in Short Blades
  3312 | D:4      | Reached XP level 6. HP: 37/37 MP: 2/10
  3434 | D:4      | Found a shadowy altar of Dithmenos.
  3511 | D:4      | Learned a level 4 spell: Flame Wave
  3710 | D:5      | Entered Level 5 of the Dungeon
  4052 | D:5      | Noticed a yak
  4052 | D:5      | Noticed a yak
  4054 | D:5      | Noticed a yak
  4084 | D:5      | Gained mutation: You are strong-willed. (Will+) [potion of
                  | mutation]
  4084 | D:5      | Gained mutation: You passively dampen the noise of your
                  | surroundings. [potion of mutation]
  4085 | D:5      | Slain by a yak

Illustrated notes

Levels and vault maps discovered:
D:1:      spicycebolla_arrival_clurvy, layout_loops_ring, grunt_decor_fettered,
          nicolae_hexahallways, minmay_tromino_v4_a
D:2:      layout_basic, basic_altar
D:3:      layout_basic, basic_ecumenical_altar, feat_on_display
D:4:      layout_basic, marbit_many_paths, minmay_temple_entry_glass,
          minmay_crystal_room, guppyfry_early_lair_pool, uniq_blork_the_orc
D:5:      layout_loops_ring, uniq_pikel, uniq_ijyb
Temple:   eino_narrow_crystal_temple

Skill      XL: |  1  2  3  4  5 |
---------------+----------------+-----
Stealth        | 3 4 |  4.5
Fire Magic     | 4 |  4.9
Conjurations   | 2 |  2.5
Short Blades   | 1 |  1.1
Spellcasting   | 3 |  3.5
Fighting       | |  0.8
Polearms       | |  0.8
Dodging        | |  2.6

Action                     |  1- 3 |  4- 6 || total
---------------------------+-------+-------++-------
  Melee: Short sword       |    15 |       ||    15
         Constrict         |     7 |     9 ||    16
         Tentacles         |     6 |     5 ||    11
         Spear             |    29 |     4 ||    33
         Dagger            |       |    29 ||    29
   Cast: Foxfire           |    35 |    76 ||   111
         Scorch            |     2 |    15 ||    17
         Inner Flame       |       |     1 ||     1
    Use: Potion            |       |    12 ||    12
         Scroll            |       |     1 ||     1
   Stab: Sleeping          |    10 |     5 ||    15
 Armour: Skin              |     1 |       ||     1
  Dodge: Dodged            |    31 |    47 ||    78

Table legend: (Time is in decaauts)
 A = Elapsed time spent in this place.
 B = Non-inter-level travel time spent in this place.
 C = Inter-level travel time spent in this place.
 D = Time resting spent in this place.
 E = Time spent auto-exploring this place.
 F = Levels seen in this place.
 G = Mean time per level.
                   A        B        C        D        E       F      G
               +--------+--------+--------+--------+--------+-----+--------+
         Total |   4085 |   4013 |     72 |     45 |   2981 |   6 |  680.8 |
       Dungeon |   4034 |   3962 |     72 |     45 |   2958 |   5 |  806.8 |
        Temple |     50 |     50 |      0 |      0 |     23 |   1 |   50.0 |
               +--------+--------+--------+--------+--------+-----+--------+

Top non-repeatable levels by time:
     D:1: 1100 daAuts
     D:2: 895 daAuts
     D:4: 877 daAuts
     D:3: 839 daAuts
     D:5: 321 daAuts
  Temple: 50 daAuts
